Map: King's Cove LE

Players

uThermal - Winner!

  • Race: Terran Terran
  • Spawn Location: 5:00

ZipperTheFly

  • Race: Terran Terran
  • Spawn Location: 11:00

Event: 2019 WCS Summer

VOD

Have the link to the VOD?

Description

Time

  • Played on: July 12, 2019, 7:25 a.m.
  • Length: 7:58

All games in this series

Show
View Real Time Build Order
Export as new Build Order

uThermal Terran - Winner!

Build Orders: Cyclone Opening 

Get SALT Encoding   

  12  0:01  SCV  
  13  0:13  SCV  
  14  0:17  Supply Depot  
  14  0:25  SCV  
  14  0:28  Refinery  
  15  0:39  SCV  
  16  0:45  Barracks  
  16  0:51  SCV  
  16  0:56  Refinery  
  17  1:03  SCV  
  18  1:15  SCV  
  19  1:32  Orbital Command, Reaper  
  20  1:36  Factory  
  20  1:46  Supply Depot  
  20  1:59  SCV  
  21  2:05  Barracks Tech Lab  
  21  2:11  SCV  
  22  2:24  SCV  
  22  2:28  Cyclone  
  26  2:37  Command Center  
  26  2:41  SCV  
  27  2:47  Supply Depot  
  27  2:48  Barracks Reactor  
  27  2:53  SCV  
  28  3:00  Cyclone  
  31  3:09  SCV  
  31  3:12  Starport  
  32  3:21  SCV  
  32  3:23  Marine  
  32  3:24  Marine  
  35  3:27  Refinery  
  35  3:33  SCV  
  36  3:41  Factory Tech Lab, Marine x2  
  36  3:45  SCV  
  39  3:49  Orbital Command  
  39  3:56  Raven  
  39  3:57  SCV  
  39  3:59  Marine x2  
  44  4:09  Siege Tank, SCV  
  48  4:14  SCV  
  49  4:20  Supply Depot  
  49  4:21  Marine, SCV  
  51  4:29  SCV  
  52  4:39  SCV  
  52  4:40  Marine  
  52  4:42  Raven, Marine  
  52  4:43  Supply Depot  
  57  4:45  Siege Tank, SCV  
  60  4:54  SCV  
  60  4:55  Supply Depot  
  60  4:58  Marine  
  55  5:09  SCV  
  55  5:11  SCV  
  57  5:21  SCV  
  58  5:22  Siege Tank  
  58  5:23  Command Center  
  58  5:24  SCV  
  61  5:33  Viking  
  61  5:34  Viking  
  65  5:36  SCV  
  65  5:39  SCV  
  67  5:46  Marine  
  67  5:49  SCV  
  69  5:51  SCV  
  69  5:54  Siege Tank, Refinery  
  73  5:58  Supply Depot  
  73  6:01  SCV  
  73  6:03  Viking  
  76  6:06  Viking  
  78  6:15  Engineering Bay  
  78  6:20  SCV x2  
  78  6:21  Engineering Bay  
  80  6:27  Siege Tank  
  80  6:32  SCV  
  84  6:33  Viking  
  84  6:36  Viking  
  84  6:38  SCV  
  89  6:44  SCV  
  89  6:47  Missile Turret  
  90  6:50  Missile Turret x2  
  90  6:51  Marine  
  90  6:53  SCV  
  92  6:56  SCV  
  92  6:58  Orbital Command  
  93  7:05  Viking, SCV  
  96  7:10  SCV  
  96  7:11  Marine  
  96  7:13  Supply Depot  
  98  7:17  SCV  
  98  7:20  Viking  
  101  7:30  Supply Depot  
  101  7:31  SCV x3  
  104  7:43  SCV x3  
Show
View Real Time Build Order
Export as new Build Order

ZipperTheFly Terran 

Build Orders: Reaper Expand, Banshee Rush 

Get SALT Encoding   

  12  0:00  SCV  
  13  0:12  SCV  
  14  0:18  Supply Depot  
  14  0:25  SCV  
  15  0:39  SCV  
  15  0:41  Barracks  
  16  0:46  Refinery  
  16  0:51  SCV  
  17  1:03  SCV  
  18  1:15  SCV  
  19  1:28  Orbital Command  
  19  1:29  Reaper  
  20  1:45  Command Center  
  20  1:54  SCV  
  20  1:59  Supply Depot  
  20  2:01  Marine  
  21  2:06  SCV  
  23  2:11  Factory  
  23  2:18  Refinery  
  23  2:20  SCV  
  24  2:23  Barracks Reactor  
  24  2:32  SCV  
  24  2:35  Bunker  
  25  2:44  SCV  
  26  2:57  Starport  
  26  2:59  Orbital Command, SCV  
  27  3:06  Hellion  
  27  3:07  Barracks Tech Lab  
  27  3:11  SCV  
  30  3:16  Hellion  
  32  3:23  SCV  
  32  3:24  SCV  
  34  3:33  Supply Depot  
  34  3:36  SCV x2  
  34  3:37  Barracks Tech Lab  
  34  3:39  Cloaking Field  
  34  3:40  Medivac  
  38  3:47  Hellion x2  
  43  3:48  SCV  
  43  3:50  SCV  
  44  4:00  SCV  
  44  4:02  SCV  
  46  4:03  Refinery  
  46  4:04  Supply Depot  
  46  4:14  Banshee  
  49  4:19  Marine  
  49  4:20  Marine  
  49  4:22  SCV  
  52  4:25  SCV  
  52  4:33  Siege Tank  
  52  4:34  SCV  
  52  4:37  SCV  
  57  4:40  Marine x2  
  59  4:47  SCV, Supply Depot  
  60  4:58  Marine x2  
  62  5:06  Siege Tank  
  59  5:08  Raven  
  59  5:09  SCV x2  
  59  5:15  Command Center  
  59  5:16  Marine x2  
  61  5:21  SCV, Supply Depot  
  61  5:23  Refinery  
  61  5:27  SCV  
  63  5:33  SCV  
  63  5:34  Marine x2, Supply Depot  
  66  5:38  Siege Tank  
  66  5:40  SCV  
  70  5:47  SCV  
  71  5:51  Raven, Engineering Bay x2  
  71  5:52  Marine x2  
  71  5:53  SCV  
  76  6:05  SCV  
  76  6:06  Barracks x2  
  76  6:09  Marine  
  76  6:10  Siege Tank, Marine  
  76  6:11  SCV  
  83  6:18  SCV  
  83  6:23  Supply Depot  
  83  6:25  SCV  
  85  6:27  Orbital Command, Marine x2  
  87  6:33  SCV  
  88  6:43  Siege Tank, SCV  
  92  6:50  Orbital Command  
  92  6:52  SCV  
  92  6:54  Barracks x2  
  93  6:58  Barracks Reactor x2  
  93  7:02  SCV  
  93  7:04  Viking x2  
  93  7:05  Supply Depot  
  93  7:06  Supply Depot  
  93  7:07  SCV  
  99  7:10  Marauder  
  99  7:14  SCV  
  102  7:16  SCV  
  102  7:19  SCV  
  102  7:22  Siege Tank  
  107  7:26  SCV  
  107  7:28  Refinery, SCV  
  109  7:30  Refinery  
  109  7:31  SCV, Supply Depot  
  109  7:38  SCV  
  109  7:39  Marine x3  
  109  7:40  Marine  
  109  7:42  SCV  
  119  7:46  Barracks Tech Lab, Barracks Reactor  
Tags
 
Add a new tag
Caveats
  • Supply blocks, unpowered buildings, or Contaminate may cause inaccurate times.
  • Supply counts are checked every 10 seconds.